 Dungeon Crawl Stone Soup version 0.25-a0-10-g2fe12d4386 (webtiles) character file.

Game seed: 4721270271331621613, levelgen mode: deterministic

6394 Peloso the Blocker (level 10, -6/88 HPs)
             Began as a Minotaur Fighter on Oct 15, 2019.
             Was a High Priest of Okawaru.
             Mangled by a seven-headed hydra (8 damage)
             ... on level 9 of the Dungeon.
             The game lasted 00:18:48 (7210 turns).

Peloso the Blocker (Minotaur Fighter)               Turns: 7210, Time: 00:18:49

Health: -6/88      AC: 13    Str: 27    XL:     10   Next: 66%
Magic:  9/9        EV: 12    Int:  5    God:    Okawaru [*****.]
Gold:   491        SH: 13    Dex: 11    Spells: 9/9 levels left

rFire    . . .     SeeInvis +   a - +1 falchion (vamp)
rCold    . . .     Gourm    .   c - +0 shield
rNeg     . . .     Faith    .   C - +4 ring mail of the Orcish Mines {Regen+ rCorr Str+4}
rPois    .         Spirit   .   (helmet restricted)
rElec    .         Reflect  .   x - +0 cloak
rCorr    +         Harm     .   (no gloves)
MR       .....                  E - +0 pair of boots
Stlth    +.........             (no amulet)
HPRegen  0.64/turn              h - ring of flight
MPRegen  0.11/turn              z - ring of see invisible

@: no status effects
A: retaliatory headbutt, horns 2
a: Heroism, Finesse, Renounce Religion, Evoke Flight


You were on level 9 of the Dungeon.
You worshipped Okawaru.
Okawaru was extremely pleased with you.
You were not hungry.

You visited 2 branches of the dungeon, and saw 10 of its levels.
You also visited: Sewer.

You collected 641 gold pieces.
You spent 150 gold pieces at shops.

Inventory:

Hand Weapons
 a - a +1 vampiric falchion (weapon)
 I - a +0 battleaxe of flaming
Armour
 b - a +0 scale mail
 c - a +0 shield (worn)
 m - a +0 plate armour
 x - a +0 cloak (worn)
 C - the +4 ring mail of the Orcish Mines (worn) {Regen+ rCorr Str+4}
   (You found it on level 5 of the Dungeon)

   It affects your strength (+4).
   It increases your rate of regeneration.
   It provides partial protection from all sources of acid and corrosion.
 E - a +0 pair of boots (worn)
Jewellery
 h - a ring of flight (left hand)
 j - an uncursed ring of flight
 z - a ring of see invisible (right hand)
Wands
 y - a wand of acid (9)
 F - a wand of polymorph (8)
Scrolls
 e - 4 scrolls of remove curse
 i - 4 scrolls of teleportation
 k - a scroll of identify
 n - 2 scrolls of fog
 o - 2 scrolls of magic mapping {unknown}
 p - 2 scrolls of noise {unknown}
 q - a scroll of fear
 s - a scroll of blinking
 u - 2 scrolls of enchant armour
 B - a scroll of enchant weapon {unknown}
 G - a scroll of acquirement {unknown}
Potions
 d - 4 potions of might
 g - 2 potions of curing
 l - 4 potions of heal wounds
 r - 7 potions of flight
 t - 2 potions of haste
 v - 4 potions of mutation
 w - a potion of cancellation
 A - 2 potions of agility
 D - a potion of brilliance {unknown}
 H - 2 potions of resistance {unknown}
Comestibles
 f - 18 rations


   Skills:
 + Level 8.1 Fighting
 + Level 10.8 Long Blades
 + Level 8.1 Armour
 + Level 5.1 Dodging
 + Level 1.6 Stealth
 + Level 11.3 Shields
 + Level 1.1 Invocations


You had 9 spell levels left.
You didn't know any spells.
Your spell library contained the following spells:

 Spells                   Type           Power        Failure   Level  Hunger
 Corona                   Hex            #......      77%         1    ##.....
 Slow                     Hex            #.......     88%         2    ###....
 Ignite Poison            Fire/Tmut/Pois #.......     98%         3    ####...
 Inner Flame              Hex/Fire       #.......     98%         3    ####...
 Portal Projectile        Hex/Tloc       #.....       98%         3    ####...
 Cause Fear               Hex            #.........   100%        4    #####..
 Leda's Liquefaction      Hex/Erth       #.........   100%        4    #####..
 Venom Bolt               Conj/Pois      #.........   100%        5    ######.
 Deflect Missiles         Chrm/Air       #.........   100%        6    #######


Dungeon Overview and Level Annotations

Branches:
Dungeon (9/15)             Temple (1/1) D:5           Sewer (visited)
   Lair: D:8-11         Orc: D:9-12

Altars:
Ashenzari
Cheibriados
Elyvilon
Gozag
Hepliaklqana
Kikubaaqudgha
Makhleb
Nemelex Xobeh
Okawaru
Qazlal
Ru
Sif Muna
Trog
Vehumet
Wu Jian
Yredelemnul
Zin
The Shining One

Shops:
D:6 (   D:7 [   D:8 (

Annotations:
D:2 1 runed translucent door


Innate Abilities, Weirdness & Mutations

You reflexively headbutt those who attack you in melee.
You have a pair of horns on your head.


Message History

You block the seven-headed hydra's attack.
The seven-headed hydra barely misses you.
You continue taking off your +0 shield.
The seven-headed hydra bites you.
You block the seven-headed hydra's attack.
The seven-headed hydra bites you! The seven-headed hydra bites you.
The seven-headed hydra closely misses you.
The seven-headed hydra bites you.
The seven-headed hydra closely misses you.
You continue taking off your +0 shield.
The seven-headed hydra bites you! x2
* * * LOW HITPOINT WARNING * * *
The seven-headed hydra bites you.
* * * LOW HITPOINT WARNING * * *
You block the seven-headed hydra's attack.
The seven-headed hydra bites you but does no damage.
The seven-headed hydra bites you.
* * * LOW HITPOINT WARNING * * *
The seven-headed hydra bites you!
You die...

# P. .t. ..P. .....
PY....###########
♣.PP...†.thrD@..#
PP....###.#####.#
..............#.#####
.....####.###.......#
... #.# #.......# ..
#.# #.......# . #.#
#.......# #.#
#.......# #.#
#.#<#####


You could see a seven-headed hydra, a crocodile, a porcupine and a hound.

Vanquished Creatures
  A two-headed ogre (D:8)
  An ugly thing (D:6)
  A hornet (D:8)
  2 hippogriffs (D:7)
  Sigmund (D:5)
  A yak (D:9)
  4 hogs (D:7)
  Eustachio (D:5)
  A human (D:7)
  2 hungry ghosts
  Edmund (D:5)
  Duvessa (D:5)
  A necrophage (D:5)
  3 sky beasts
  Purgy (Sewer)
  3 black bears
  3 ice beasts
  2 ogres
  4 centaurs
  A crocodile (D:9)
  A big kobold (D:4)
  2 bullfrogs (D:6)
  Dowan (D:5)
  3 scorpions
  5 killer bees (D:8)
  2 crimson imps
  Crazy Yiuf (D:3)
  2 hounds
  A jelly (D:7)
  7 orc wizards
  3 orc priests
  2 bullfrog skeletons
  3 worker ants
  A centaur skeleton (D:6)
  3 iguanas
  A hound skeleton (D:5)
  A worker ant zombie (D:6)
  17 adders
  3 shadow imps
  3 worms
  3 dart slugs
  5 leopard geckos
  25 orcs
  5 bats
  2 bat zombies (D:4)
  8 giant cockroaches
  7 goblins
  7 hobgoblins
  2 jackals (D:8)
  3 quokkas
  5 ball pythons
  9 frilled lizards
  10 kobolds
  A quokka skeleton (D:4)
  13 rats
  2 plants (D:4)
204 creatures vanquished.

Vanquished Creatures (others)
  An adder (D:7)
  2 fungi (D:9)
  2 plants (D:4)
5 creatures vanquished.

Grand Total: 209 creatures vanquished

Notes
Turn   | Place    | Note
-------+----------+-------------------------------------------
     0 | D:1      | Peloso the Minotaur Fighter began the quest for the Orb.
     0 | D:1      | Reached XP level 1. HP: 19/19 MP: 0/0
    83 | D:1      | Reached XP level 2. HP: 27/27 MP: 1/1
   119 | D:1      | Reached skill level 4 in Shields
   508 | D:1      | Reached XP level 3. HP: 33/33 MP: 2/2
   930 | D:2      | Noticed a human
   931 | D:2      | Found a runed translucent door.
   935 | D:2      | Found a basalt altar of Yredelemnul.
  1346 | D:3      | Reached XP level 4. HP: 35/40 MP: 3/3
  1495 | D:3      | Reached skill level 5 in Shields
  1501 | D:3      | Found a glowing drain.
  1509 | Sewer    | Entered a sewer
  1671 | Sewer    | Reached XP level 5. HP: 44/47 MP: 4/4
  1718 | Sewer    | Noticed Purgy
  1728 | Sewer    | Killed Purgy
  2114 | D:3      | Found a burning altar of Makhleb.
  2124 | D:3      | Reached XP level 6. HP: 46/53 MP: 5/5
  2273 | D:3      | Found a runed translucent door.
  2274 | D:3      | Noticed Crazy Yiuf
  2409 | D:3      | Found a faded altar of an unknown god.
  2649 | D:3      | Killed Crazy Yiuf
  2772 | D:4      | Reached skill level 5 in Long Blades
  2775 | D:4      | Reached skill level 6 in Shields
  2792 | D:4      | Reached skill level 5 in Armour
  2798 | D:4      | Reached skill level 5 in Fighting
  2835 | D:4      | Reached XP level 7. HP: 46/61 MP: 6/6
  3356 | D:4      | Found an ancient bone altar of Kikubaaqudgha.
  3792 | D:5      | Entered Level 5 of the Dungeon
  3793 | D:5      | Found a staircase to the Ecumenical Temple.
  3799 | Temple   | Entered the Ecumenical Temple
  3840 | Temple   | Became a worshipper of Warmaster Okawaru
  3892 | D:5      | Identified the Handbook of Virous Enhancements
  3908 | D:5      | Noticed Edmund
  3926 | D:5      | Killed Edmund
  3926 | D:5      | Reached skill level 1 in Dodging
  4083 | D:5      | Noticed Eustachio
  4106 | D:5      | Killed Eustachio
  4106 | D:5      | Reached * piety under Okawaru
  4106 | D:5      | Reached skill level 7 in Shields
  4106 | D:5      | Reached XP level 8. HP: 68/70 MP: 7/7
  4116 | D:5      | Got a fine ring mail
  4127 | D:5      | Identified the +4 ring mail of the Orcish Mines {Regen+
                  | rCorr Str+4} (You found it on level 5 of the Dungeon)
  4197 | D:5      | Noticed Sigmund
  4205 | D:5      | Killed Sigmund
  4226 | D:5      | Noticed Duvessa
  4232 | D:5      | Noticed Dowan
  4235 | D:5      | Killed Duvessa
  4249 | D:5      | Killed Dowan
  4443 | D:5      | Found an ornate altar of the Wu Jian Council.
  4538 | D:6      | Found a shattered altar of Ashenzari.
  4599 | D:6      | Found an opulent altar of Gozag.
  4604 | D:6      | Found a hazy altar of Hepliaklqana.
  4604 | D:6      | Found Waruph's Weapon Shoppe.
  4699 | D:6      | Found a snail-covered altar of Cheibriados.
  5014 | D:6      | Reached skill level 8 in Shields
  5029 | D:6      | Reached ** piety under Okawaru
  5043 | D:6      | Reached skill level 9 in Shields
  5086 | D:6      | Reached XP level 9. HP: 78/78 MP: 8/8
  5106 | D:6      | Noticed a cyan ugly thing
  5126 | D:6      | Killed a cyan ugly thing
  5150 | D:6      | Reached *** piety under Okawaru
  5612 | D:7      | Found a bloodstained altar of Trog.
  5755 | D:7      | Reached skill level 10 in Shields
  5765 | D:7      | Found a sparkling altar of Nemelex Xobeh.
  6015 | D:7      | Found a radiant altar of Vehumet.
  6339 | D:8      | Noticed a two-headed ogre
  6372 | D:7      | Reached **** piety under Okawaru
  6430 | D:8      | Killed a two-headed ogre
  6430 | D:8      | Reached skill level 10 in Long Blades
  6430 | D:8      | Reached skill level 1 in Stealth
  6430 | D:8      | Reached XP level 10. HP: 84/86 MP: 7/9
  6484 | D:8      | Found Maenidwa's Weapon Shoppe.
  6625 | D:8      | Reached skill level 1 in Invocations
  6696 | D:7      | Found Qugy's Armour Boutique.
  6879 | D:7      | Reached ***** piety under Okawaru
  6883 | D:7      | Reached skill level 11 in Shields
  7058 | D:8      | Paralysed by a hornet for 2 turns
  7066 | D:8      | Paralysed by a hornet for 2 turns
  7103 | D:9      | Noticed a seven-headed hydra
  7126 | D:9      | Reached skill level 5 in Dodging
  7151 | D:8      | Bought a +0 battleaxe of flaming for 150 gold pieces
  7210 | D:9      | HP: 2/88 [seven-headed hydra (5)]
  7210 | D:9      | Mangled by a seven-headed hydra

Levels and vault maps discovered:
D:1:      dpeg_arrival_rooms_a, layout_loops_ring, minmay_tetromino_l2
D:2:      layout_basic, nicolae_overflow_hidden_temple, serial_curves,
          eino_curves_01, eino_curves_01, dk_yredelemnul_ordeal
D:3:      minmay_recursive_quarters, layout_basic, makhleb_blood_cavern_becter,
          lightli_sewer_entry_pipes, chequers_ecumenical_altar_simple,
          uniq_crazy_yiuf_cottage
D:4:      layout_basic, lemuel_zombie_altar_kikubaaqudgha, first_ration,
          lexackson_kobold_supper
D:5:      layout_cave_pools, kennysheep_little_box, minmay_temple_entry_hall,
          uniq_eustachio, uniq_duvessa, uniq_sigmund, uniq_edmund
D:6:      wad_guarded_room, layout_basic, lemuel_crystal_altar,
          kennysheep_slug_shrine, evilmike_ruin_ashenzari, basic_altar,
          serial_shops, shop
D:7:      layout_basic, trog_ov_bears_minmay, fiery_altar_vehumet, serial_shops,
          nicolae_shop_behind_doors, nrook_campfire, grunt_livestock,
          nemelex_diamond_rough_becter
D:8:      layout_rooms, serial_shops, shop
D:9:      layout_basic, xom_teletrap_fun, eat_drink_and_be_merry_uskayaw,
          grunt_temple_overflow_open, minmay_lair_entry_grove, uniq_gastronok
Temple:   jpeg_temple_island

Skill      XL: |  1  2  3  4  5  6  7  8  9 10 |
---------------+-------------------------------+-----
Shields        | 4 5 6 7 9 10 11 | 11.3
Armour         | 4 5 6 7 8 |  8.1
Fighting       | 4 5 6 7 8 |  8.1
Long Blades    | 3 4 5 6 8 10 | 10.8
Dodging        | 1 2 4 5 |  5.1
Stealth        | 1 |  1.6
Invocations    | 1 |  1.1

Action                   |  1- 3 |  4- 6 |  7- 9 | 10-12 || total
-------------------------+-------+-------+-------+-------++-------
Melee: Long sword        |   118 |   174 |   121 |       ||   413
       Headbutt          |    17 |    31 |   103 |    37 ||   188
       Falchion          |       |       |   204 |   133 ||   337
Invok: Heroism           |       |       |     2 |       ||     2
 Abil: Evoke Flight      |       |     1 |       |       ||     1
  Use: Potion            |     4 |     1 |     1 |       ||     6
       Scroll            |       |       |    10 |     1 ||    11
  Eat: Chunk             |     2 |     5 |    13 |     3 ||    23
       Ration            |       |       |       |     1 ||     1
Armor: Scale mail        |     7 |       |       |       ||     7
       Plate armour      |    61 |    96 |    45 |       ||   202
       Ring mail         |       |       |    64 |    51 ||   115
Dodge: Dodged            |    17 |    36 |    82 |    68 ||   203
Block: Shield            |    85 |   111 |   178 |   111 ||   485
       Rpst.: Long sword |     3 |    17 |     6 |       ||    26
       Falchion          |       |       |    12 |    24 ||    36

Table legend:
 A = Non-vault XP
 B = Vault XP
 C = Vault XP percentage of total XP
 D = Non-vault monster count
 E = Vault monster count
 F = Vault count percentage of total count
                 A         B        C        D         E       F
            +---------+---------+-------+---------+---------+-------
      Total |    5336 |    3799 |  41.6 |     142 |      60 |  29.7
            +---------+---------+-------+---------+---------+-------
        D:1 |      41 |       1 |   2.4 |      25 |       1 |   3.8
        D:2 |      30 |       0 |   0.0 |       8 |       0 |   0.0
        D:3 |      79 |     170 |  68.3 |      24 |      17 |  41.5
        D:4 |     385 |     108 |  21.9 |      17 |      10 |  37.0
        D:5 |     317 |     781 |  71.1 |      13 |       5 |  27.8
        D:6 |     545 |    1046 |  65.7 |      11 |      10 |  47.6
        D:7 |    1020 |    1229 |  54.6 |      14 |       7 |  33.3
        D:8 |    2769 |       0 |   0.0 |      28 |       0 |   0.0
        D:9 |     150 |     309 |  67.3 |       2 |       2 |  50.0
      Sewer |       0 |     155 | 100.0 |       0 |       8 | 100.0
            +---------+---------+-------+---------+---------+-------
